 Dungeon Sprint DCSS version 0.23.2-33-g5129a83184 (webtiles) character file.

Game seed: 8261568472124616957

4100000 Groucho the Intangible (level 21, -27/142 HPs)
             Began as a Spriggan Abyssal Knight on July 16, 2019.
             Was the Champion of Makhleb.
             Annihilated by a destroyer
             ... wielding a +9 great sword of slicing
              (146 damage)
             ... in the Dungeon (Sprint VIII: "Arena of Blood").
             The game lasted 00:02:14 (41 turns).

Groucho the Intangible (Spriggan Abyssal Knight)      Turns: 41, Time: 00:02:14

Health: -27/142    AC:  4    Str:  8    XL:     21   Next: 93%
Magic:  21/53      EV: 44    Int: 14    God:    Makhleb [******]
Gold:   0          SH:  0    Dex: 25    Spells: 74/74 levels left

rFire    . . .     SeeInvis +   j - +∞ Axe of Woe
rCold    . . .     Gourm    .   (shield currently unavailable)
rNeg     . . .     Faith    .   b - +0 robe
rPois    .         Spirit   .   (helmet restricted)
rElec    .         Reflect  .   (no cloak)
rCorr    .         Harm     .   (gloves unavailable)
MR       +++..     NoTele   +   (boots unavailable)
Stlth    ++........             (no amulet)
HPRegen  0.33/turn              (no ring)
MPRegen  0.33/turn              (no ring)

@: very quick
A: very small, unfitting armour, see invisible, herbivore, speed 3, slow
metabolism 2
a: Minor Destruction, Lesser Servant of Makhleb, Major Destruction, Greater
Servant of Makhleb, Renounce Religion


You were in the Dungeon.
You worshipped Makhleb.
Makhleb was exalted by your worship.
You were not hungry.

You visited 1 branch

Inventory:

Hand Weapons
 a - a +1 hand axe
 j - the +∞ Axe of Woe (weapon)
   (You found it in the Dungeon)
Armour
 b - a +0 robe (worn)
Jewellery
 k - a +200 ring of slaying
Scrolls
 i - a scroll of blinking
Potions
 d - a potion of curing
 e - a potion of heal wounds
 f - a potion of haste
 g - 2 potions of magic
 h - a potion of berserk rage
Comestibles
 c - a ration


   Skills:
 O Level 27 Fighting
 O Level 27 Axes
 + Level 24.0 Throwing
 O Level 27 Armour
 O Level 27 Dodging
 O Level 27 Unarmed Combat
 O Level 27 Spellcasting
 O Level 27 Invocations


You had 74 spell levels left.
You didn't know any spells.
Your spell library was empty.

Dungeon Overview and Level Annotations

Branches:
Dungeon (1/1)

Altars:
Makhleb


Innate Abilities, Weirdness & Mutations

You are very small and have problems with some larger weapons.
You are too small for most types of armour.
You have supernaturally acute eyesight. (SInv)
You are a herbivore.
You cover ground extremely quickly.
You need to consume almost no food.


Message History

There are monsters nearby!
Really walk into that cloud of flame?
Okay, then.
Really walk into that cloud of flame?
A meat berserker comes into view. It is wielding a +9 battleaxe.
You are engulfed in blazing flames.
The meat berserker shouts!
You hear a shout! x3
A bag of meat comes into view. It is wielding a +9 war axe.
You hear a shout! x2; The bag of meat shouts!
There is a staircase leading out of the dungeon, spattered with blood here.
The sculptor of flesh appears out of thin air!
A sculptor of flesh comes into view. It is wielding a +9 great sword.
You are engulfed in blazing flames.
You hear a shout! x5
A corpse begins to drag itself along the ground!
Some corpses meld into an agglomeration of writhing flesh!
You hear a shout! x6
The destroyer hits you with a +9 great sword of slicing!!!!!
Ouch! That really hurt!
You die...

... ..... #..
...# . #.. ...#
. oO###..
...###z.
......###......
.O...._.x....
#..§)O# #_)@X_#
#..V°)#
........_......
.......###.....z
..###.. ...###..
. #.. ...# . #..
...# ... .....
....


You could see a destroyer, 2 sculptors of flesh, a large abomination, 3 meat
berserkers and a crawling corpse.

Vanquished Creatures
  3 vampire knights (D)
  8 ogres (D)
  A two-headed ogre (D)
  11 orcs (D)
23 creatures vanquished.

Notes
Turn   | Place    | Note
-------+----------+-------------------------------------------
     0 | D        | Found the +∞ Axe of Woe
     0 | D        | Groucho the Spriggan Abyssal Knight began the quest for the
                  | Orb.
     0 | D        | Reached XP level 1. HP: 11/11 MP: 3/3
     4 | D        | Fell from the grace of Lugonu
     4 | D        | Became a worshipper of Makhleb the Destroyer
     5 | D        | Noticed a meat berserker
     5 | D        | Noticed a bag of meat
     7 | D        | Noticed a bag of meat
     8 | D        | Noticed a bag of meat
    11 | D        | Killed a meat berserker
    11 | D        | Reached skill level 27 in Dodging
    11 | D        | Reached XP level 2. HP: 16/16 MP: 4/4
    11 | D        | Reached XP level 3. HP: 19/19 MP: 5/5
    11 | D        | Reached XP level 4. HP: 23/23 MP: 6/6
    11 | D        | Reached XP level 5. HP: 27/27 MP: 7/7
    11 | D        | Reached XP level 6. HP: 32/32 MP: 8/8
    11 | D        | Reached XP level 7. HP: 35/35 MP: 9/9
    11 | D        | Reached XP level 8. HP: 39/39 MP: 10/10
    11 | D        | Reached XP level 9. HP: 43/43 MP: 11/11
    11 | D        | Reached XP level 10. HP: 47/47 MP: 12/12
    11 | D        | Reached XP level 11. HP: 51/51 MP: 13/13
    11 | D        | Reached XP level 12. HP: 56/56 MP: 14/14
    11 | D        | Reached XP level 13. HP: 59/59 MP: 15/15
    13 | D        | Killed a bag of meat
    13 | D        | Reached * piety under Makhleb
    13 | D        | Noticed a bag of meat
    14 | D        | Noticed a bag of meat
    15 | D        | Noticed a bag of meat
    16 | D        | Killed a bag of meat
    16 | D        | Reached XP level 14. HP: 63/63 MP: 16/16
    16 | D        | Killed a bag of meat
    16 | D        | Reached skill level 27 in Axes
    17 | D        | Noticed a meat berserker
    18 | D        | Killed a bag of meat
    18 | D        | Reached ** piety under Makhleb
    18 | D        | Reached skill level 10 in Fighting
    18 | D        | Reached XP level 15. HP: 80/80 MP: 16/24
    18 | D        | Noticed a meat berserker
    19 | D        | Noticed a meat berserker
    20 | D        | Noticed a meat berserker
    21 | D        | Reached skill level 15 in Invocations
    21 | D        | Reached skill level 15 in Fighting
    21 | D        | Noticed a meat berserker
    23 | D        | Killed a meat berserker
    23 | D        | Reached *** piety under Makhleb
    23 | D        | Reached XP level 16. HP: 101/101 MP: 17/31
    23 | D        | Killed a meat berserker
    23 | D        | Reached XP level 17. HP: 113/113 MP: 17/34
    23 | D        | Noticed a destroyer
    24 | D        | Killed a meat berserker
    24 | D        | Reached **** piety under Makhleb
    24 | D        | Reached skill level 27 in Invocations
    24 | D        | Noticed a large bag of meat
    24 | D        | Noticed a meat berserker
    25 | D        | Noticed a destroyer
    26 | D        | Killed a large bag of meat
    26 | D        | Reached skill level 27 in Fighting
    26 | D        | Reached XP level 18. HP: 58/127 MP: 17/36
    26 | D        | Killed a meat berserker
    27 | D        | Killed a meat berserker
    27 | D        | Reached XP level 19. HP: 132/132 MP: 17/37
    28 | D        | Killed a destroyer
    28 | D        | Reached ***** piety under Makhleb
    29 | D        | Noticed a meat berserker
    30 | D        | Killed a meat berserker
    30 | D        | Reached XP level 20. HP: 137/137 MP: 18/38
    30 | D        | Noticed a destroyer
    31 | D        | Noticed a destroyer
    33 | D        | Killed a destroyer
    33 | D        | Reached skill level 27 in Unarmed Combat
    33 | D        | Killed a destroyer
    33 | D        | Reached skill level 27 in Armour
    33 | D        | Reached XP level 21. HP: 142/142 MP: 19/44
    36 | D        | Reached ****** piety under Makhleb
    39 | D        | Reached skill level 27 in Spellcasting
    41 | D        | Annihilated by a destroyer

Skill      XL: |  1  2  3  4  5  6  7  8  9 10 11 12 13 14 15 16 17 18 19 20 21 |
---------------+----------------------------------------------------------------+-----
Axes           | 20 25 27 | 27.0
Dodging        | 27 | 27.0
Fighting       | 10 18 22 27 | 27.0
Invocations    | 11 21 25 27 | 27.0
Armour         | 8 17 22 27 | 27.0
Unarmed Combat | 9 18 23 27 | 27.0
Throwing       | 16 24 | 24.0
Spellcasting   | 18 27 | 27.0

Action                   |  1- 3 |  4- 6 |  7- 9 | 10-12 | 13-15 | 16-18 | 19-21 || total
-------------------------+-------+-------+-------+-------+-------+-------+-------++-------
Melee: Broad axe         |     1 |       |       |       |     5 |     3 |     7 ||    16
Dodge: Dodged            |       |       |       |       |       |       |     2 ||     2
